cohdb
Replays
Latest Replays
All Replays
Popular Replays
Top Player Replays
Match Explorer
How It Works
Community
CoH3 Stats
Reddit
Sign in to upload your games and track your stats! →
Sign in with Steam
Match 43907949
Unlisted
Match 43907949
Overview
Messages
Build Orders
End
Selects Armored Battlegroup
Selects Veteran Crews
Construct Barracks
1⁄4-ton 4x4 Truck
Riflemen Squad
Riflemen Squad
Riflemen Squad
Mechanized Support Center
Selects Fast Deploy
Construct Motor Pool
Construct Medical Station
Engineer Squad
Construct Motor Pool
Mortar Pit
Mortar Pit
M24 Chaffee Light Tank
Designate Forward Repair Station
Selects M8 Scott SPG
M24 Chaffee Light Tank
M8 Scott SPG
Rapid Repairs
M24 Chaffee Light Tank
Improvised Armor
Dahlian
Bish Bash Bosh
hirohirofvvv
rpadi
0
0
Comments
sign in to comment!
No comments posted yet!